 Seeded DCSS version 0.28.0 (webtiles) character file.

Game seed: 4468200919812796194 (custom seed)

2495 Kazon the Skirmisher (level 9, -10/81 HPs)
             Began as a Deep Dwarf Fighter on Feb 16, 2022.
             Was a Believer of Makhleb.
             Mangled by a two-headed ogre (21 damage)
             ... on level 7 of the Dungeon.
             The game lasted 00:33:41 (5170 turns).

Kazon the Skirmisher (Deep Dwarf Fighter)           Turns: 5170, Time: 00:33:42

Health: -10/81     AC: 11    Str: 21    XL:     9   Next: 28%
Magic:  8/8        EV: 13    Int: 10    God:    Makhleb [**....]
Gold:   300        SH:  5    Dex: 14    Spells: 8/8 levels left

rFire   . . .      SeeInvis .   v - +0 spear (vamp)
rCold   . . .      Faith    .   c - +0 buckler
rNeg    . . .      Spirit   .   K - +0 acid dragon scales
rPois   +          Reflect  .   D - +2 hat
rElec   .          Harm     .   p - +0 cloak
rCorr   +          Rampage  .   (no gloves)
Will    +....                   j - +0 pair of boots
Stlth   ++........              (no amulet)
HPRegen 0.00/turn               m - ring of poison resistance
MPRegen 0.11/turn               y - +4 ring of slaying

@: no status effects
A: damage resistance, heal wounds, sense surroundings 2, no regeneration
a: Heal Wounds, Renounce Religion, Minor Destruction


You were on level 7 of the Dungeon.
You worshipped Makhleb.
Makhleb was pleased with you.
You visited 1 branch of the dungeon, and saw 7 of its levels.

You collected 300 gold pieces.

Inventory:

Hand Weapons
 a - a +4 spear
 f - a +1 whip of electrocution
 v - a +0 vampiric spear (weapon)
 w - a +0 hunting sling
Missiles
 e - 218 stones (quivered)
 r - 12 poisoned darts
 C - 20 sling bullets
 E - 4 boomerangs
Armour
 c - a +0 buckler (worn)
 j - a +0 pair of boots (worn)
 p - a +0 cloak (worn)
 s - the +1 leather armour of the Tundras {rPois Int+4}
   (You found it on level 3 of the Dungeon)

   Int:       It affects your intelligence (+4).
   rPois:     It protects you from poison.
 D - a +2 hat (worn)
 K - +0 acid dragon scales (worn)
Jewellery
 m - a ring of poison resistance (left hand)
 y - a +4 ring of slaying (right hand)
 P - a ring of willpower
Wands
 b - a wand of iceblast (15)
 N - a wand of flame (18)
Scrolls
 h - a scroll of amnesia {unknown}
 n - a scroll of enchant weapon {unknown}
 o - 3 scrolls of teleportation {unknown}
 t - a scroll of fear {unknown}
 x - a scroll of noise {unknown}
 z - 2 scrolls of enchant armour {unknown}
 A - 2 scrolls of identify {unknown}
 B - a scroll of torment {unknown}
 G - a scroll of immolation {unknown}
 H - 2 scrolls of fog {unknown}
 I - a scroll of magic mapping {unknown}
 L - a scroll of silence {unknown}
 O - a scroll of blinking {unknown}
Potions
 d - 2 potions of might
 g - 2 potions of lignification {unknown}
 i - a potion of invisibility {unknown}
 k - 9 potions of curing {unknown}
 l - 4 potions of heal wounds {unknown}
 q - a potion of ambrosia {unknown}
 u - 2 potions of mutation {unknown}
 F - a potion of berserk rage {unknown}
 J - 2 potions of flight {unknown}
 M - a potion of brilliance {unknown}


   Skills:
 * Level 5.6 Fighting
 + Level 4.7 Maces & Flails
 + Level 2.9 Polearms
 + Level 2.5(3.4) Slings
 + Level 2.7(3.1) Throwing
 + Level 4.2 Armour
 + Level 5.0 Dodging
 + Level 4.7 Stealth
 + Level 4.4 Shields
 * Level 4.8 Invocations
 * Level 4.2 Evocations


You had 8 spell levels left.
You didn't know any spells.
Your spell library contained the following spells:

 Spells                   Type           Power      Damage    Failure   Level
 Magic Dart               Conj           0%         1d3       52%         1
 Ensorcelled Hibernation  Hex/Ice        0%         N/A       67%         2
 Passwall                 Tmut/Erth      0%         N/A       67%         2
 Searing Ray              Conj           0%         2d4       67%         2
 Gell's Gravitas          Tloc           0%         N/A       88%         3
 Swiftness                Air            0%         N/A       88%         3
 Teleport Other           Tloc           0%         N/A       88%         3
 Fulminant Prism          Conj/Hex       0%         3d6       99%         4
 Dispersal                Tloc           0%         N/A       100%        6


Dungeon Overview and Level Annotations

Branches:
Dungeon (7/15)             Temple (0/1) D:5

Altars:
Ashenzari
Cheibriados
Fedhas
Kikubaaqudgha
Makhleb
Okawaru
Ru
Wu Jian
Yredelemnul
The Shining One

Annotations:
D:3 1 runed translucent door
D:6 3 runed translucent doors, themarg's ghost, novice MfSu


Innate Abilities, Weirdness & Mutations

You are resistant to damage.
You can heal yourself by infusing magical energy.
You passively map the area around you.
You do not regenerate.


Message History

The two-headed ogre hits you with a +0 giant spiked club!!
The two-headed ogre barely misses you.
You hit the two-headed ogre.
The two-headed ogre is moderately wounded.
You block the two-headed ogre's attack. The two-headed ogre barely misses you.
You hit the two-headed ogre.
You feel better.
The two-headed ogre is heavily wounded.
You hit the two-headed ogre.
You feel better.
The two-headed ogre is heavily wounded.
The two-headed ogre barely misses you. x2
You puncture the two-headed ogre!
You feel better.
The two-headed ogre is severely wounded.
The two-headed ogre misses you. The two-headed ogre barely misses you.
You hit the two-headed ogre but do no damage.
The two-headed ogre is severely wounded.
The two-headed ogre hits you with a +0 giant spiked club!!
The two-headed ogre closely misses you.
You barely miss the two-headed ogre.
The two-headed ogre is severely wounded.
You block the two-headed ogre's attack.
The two-headed ogre hits you with a +0 giant spiked club.
You barely miss the two-headed ogre.
The two-headed ogre is severely wounded.
The two-headed ogre hits you with a +0 giant spiked club!!
The two-headed ogre misses you.
You barely miss the two-headed ogre.
The two-headed ogre is heavily wounded.
You hit the two-headed ogre.
You feel better.
The two-headed ogre is severely wounded.
You block the two-headed ogre's attack.
The two-headed ogre hits you with a +0 giant spiked club!
You puncture the two-headed ogre!
The two-headed ogre is severely wounded.
The two-headed ogre hits you with a +0 giant spiked club!!
* * * LOW HITPOINT WARNING * * *
You block the two-headed ogre's attack.
You barely miss the two-headed ogre.
The two-headed ogre is severely wounded.
The two-headed ogre hits you with a +0 giant spiked club!!
You die...

##################
#######................#
#.......##############.# #
#........# #.# #
#..#####.#############.######
#..##≈##....................'
#..#≈≈≈#.##.#####.........###
#..##≈##.##.@.# #.........# #
#..##*##.####O# #.......?.# #
#### * ..# #.# #.........# #
.## #.###.........# # ***
'##.................#
>...................+ *,,,
..O(###.###.........# * ,,...
* #.###.........# * * * '#
#.#....<.....#


You could see a two-headed ogre.

Vanquished Creatures
  Grinder (D:4)
  4 yaks
  An acid dragon (D:6)
  2 water moccasins
  2 black bears
  A necrophage (D:5)
  An ogre (D:4)
  2 phantoms
  A kobold brigand (D:6)
  A bullfrog (D:5)
  2 scorpions (D:4)
  A wyvern skeleton (D:7)
  A water moccasin skeleton (D:3)
  2 hounds
  2 jellies
  2 orc priests
  An iron imp (D:3)
  An iguana (D:4)
  An orc wizard (D:5)
  2 hound skeletons
  A howler monkey zombie (D:5)
  8 gnolls
  5 adders
  A shadow imp (D:7)
  A white imp (D:5)
  An adder zombie (D:5)
  2 worms (D:3)
  2 adder skeletons
  2 dart slugs
  15 orcs
  A ball python (D:4)
  2 bats (D:2)
  7 endoplasms
  3 giant cockroaches
  8 goblins
  11 hobgoblins
  3 jackals (D:3)
  3 quokkas (D:1)
  3 frilled lizards
  A goblin skeleton (D:3)
  19 kobolds
  A kobold zombie (D:3)
  2 rats (D:1)
  A spectral kobold (D:1)
134 creatures vanquished.

Vanquished Creatures (others)
  4 fungi (D:1)
4 creatures vanquished.

Grand Total: 138 creatures vanquished

Notes
Turn   | Place    | Note
-------+----------+-------------------------------------------
     0 | D:1      | Kazon the Deep Dwarf Fighter began the quest for the Orb.
     0 | D:1      | Reached XP level 1. HP: 20/20 MP: 1/1
    95 | D:1      | Found a faded altar of an unknown god.
   108 | D:1      | Reached XP level 2. HP: 28/28 MP: 2/2
   231 | D:1      | Reached skill level 1 in Stealth
   620 | D:1      | Reached skill level 1 in Dodging
   620 | D:1      | Reached XP level 3. HP: 32/34 MP: 3/3
   893 | D:2      | You fall into a shaft and drop 2 floors!
   957 | D:4      | Noticed a scorpion
   970 | D:4      | Killed a scorpion
   971 | D:4      | Reached XP level 4. HP: 39/42 MP: 4/4
  1018 | D:3      | Identified the +1 leather armour of the Tundras {rPois
                  | Int+4}
  1181 | D:3      | Reached skill level 1 in Throwing
  1181 | D:3      | Reached XP level 5. HP: 44/49 MP: 5/5
  1181 | D:3      | Found a snail-covered altar of Cheibriados.
  1246 | D:3      | Found a runed translucent door.
  1246 | D:3      | Noticed a human
  1270 | D:3      | Found a basalt altar of Yredelemnul.
  1564 | D:3      | Reached XP level 6. HP: 46/56 MP: 5/5
  1590 | D:3      | Found a faded altar of an unknown god.
  1596 | D:3      | Found a broken altar of Ashenzari.
  2234 | D:2      | Found a burning altar of Makhleb.
  2242 | D:2      | Became a worshipper of Makhleb the Destroyer
  2415 | D:4      | Reached skill level 1 in Invocations
  2426 | D:4      | Noticed Grinder
  2444 | D:4      | Killed Grinder
  2445 | D:4      | Reached XP level 7. HP: 46/63 MP: 4/6
  2658 | D:4      | Reached skill level 1 in Slings
  2825 | D:4      | Reached skill level 1 in Evocations
  2964 | D:5      | Entered Level 5 of the Dungeon
  2974 | D:5      | Found a blossoming altar of Fedhas.
  3127 | D:5      | Reached XP level 8. HP: 70/72 MP: 7/7
  3147 | D:5      | Reached * piety under Makhleb
  3171 | D:5      | Noticed a two-headed ogre
  3335 | D:5      | Found a staircase to the Ecumenical Temple.
  3376 | D:5      | Noticed a two-headed ogre
  3376 | D:5      | Noticed a hornet
  3676 | D:5      | Found an iron altar of Okawaru.
  4119 | D:5      | Reached skill level 5 in Fighting
  4119 | D:5      | Reached skill level 1 in Polearms
  4225 | D:6      | Found an ancient bone altar of Kikubaaqudgha.
  4269 | D:6      | Found a runed translucent gate.
  4269 | D:6      | Found a runed translucent gate.
  4269 | D:6      | Found a runed translucent gate.
  4274 | D:6      | Noticed themarg's ghost (novice MfSu)
  4356 | D:6      | Gained mutation: You passively map the area around you.
                  | [Deep Dwarf growth]
  4356 | D:6      | Reached XP level 9. HP: 54/81 MP: 9/9
  4471 | D:6      | Reached ** piety under Makhleb
  4481 | D:6      | Reached skill level 5 in Dodging
  4595 | D:6      | Found a large runed translucent door.
  4596 | D:6      | Found a large runed translucent door.
  4616 | D:6      | Found a sacrificial altar of Ru.
  4619 | D:6      | Found a glowing golden altar of the Shining One.
  4665 | D:6      | Found an ornate altar of the Wu Jian Council.
  5170 | D:7      | Mangled by a two-headed ogre

Illustrated notes

Levels and vault maps discovered:
D:1:      scummos_arrival_checkerplants, layout_basic,
          dreamdust_ecumenical_altar_drowned_temple, minmay_hexomino_c4
D:2:      layout_rooms, basic_altar, grunt_decor_arrowhead
D:3:      layout_loops_ring, slow_altar_1, dk_yredelemnul_ordeal,
          nicolae_overflow_ecumenical_swirl, minmay_pentomino_pile
D:4:      layout_basic, uniq_grinder
D:5:      layout_basic, fedhas_altar_3, okawaru_altar_gauntlet_db,
          minmay_temple_entry_statues_pillars, lightli_corner_chamber
D:6:      layout_gridville, nzn_wu_jian_contemplation, jmf_multi_god_temple2,
          mainiacjoe_overflow_chevrons, gammafunk_ghost_necromancy
D:7:      layout_basic, grunt_temple_overflow_opulence, serial_aquarium,
          aquarium_bridge_long_joined [aquarium_subvault_window,
          aquarium_subvault_bridge, aquarium_subvault_wall,
          aquarium_subvault_wall, aquarium_subvault_bridge,
          aquarium_subvault_bridge], aquarium_window_corridor_3,
          aquarium_window_2, aquarium_window_1, aquarium_window_corner,
          aquarium_view_2c, aquarium_pool_2, uniq_duvessa

Skill      XL: |  1  2  3  4  5  6  7  8  9 |
---------------+----------------------------+-----
Fighting       | 3 4 5 |  5.6
Stealth        | 1 2 3 4 |  4.7
Dodging        | 1 2 3 4 5 |  5.0
Maces & Flails | 3 4 |  4.7
Throwing       | 1 2 |  2.7
Invocations    | 2 3 4 |  4.8
Slings         | 2 |  2.5
Evocations     | 2 3 4 |  4.2
Shields        | 4 |  4.4
Armour         | 4 |  4.2
Polearms       | 2 |  2.9

Action                   |  1- 3 |  4- 6 |  7- 9 || total
-------------------------+-------+-------+-------++-------
Melee: Flail             |    16 |     1 |       ||    17
       Whip              |    60 |   138 |    72 ||   270
       Spear             |       |       |   251 ||   251
 Fire: Hunting sling     |       |     7 |    27 ||    34
Throw: Stone             |    46 |    65 |    28 ||   139
 Abil: Heal Wounds       |     1 |     3 |     8 ||    12
  Use: Scroll            |       |       |     1 ||     1
 Stab: Sleeping          |       |     2 |     1 ||     3
Armor: Scale mail        |    26 |     4 |       ||    30
       Leather armour    |       |    40 |    75 ||   115
       Acid dragon scale |       |       |    18 ||    18
Dodge: Dodged            |    21 |    44 |   164 ||   229
Block: Buckler           |    13 |    20 |    60 ||    93
